 Dungeon Crawl Stone Soup version 0.27.1-33-g824d729ab1 (webtiles) character file.

Game seed: 18309470290813911822

536 halfoni the Chopper (level 7, -4/54 HPs)
             Began as a Human Berserker on Dec 18, 2021.
             Was a Believer of Trog.
             Succumbed to a water moccasin's poison
             ... on level 5 of the Dungeon.
             The game lasted 00:07:29 (5634 turns).

halfoni the Chopper (Human Berserker)               Turns: 5634, Time: 00:07:30

Health: -4/54      AC: 11    Str: 20    XL:     7   Next: 50%
Magic:  7/7        EV:  4    Int:  7    God:    Trog [**....]
Gold:   204        SH:  9    Dex: 12    Spells: 6/6 levels left

rFire    . . .     SeeInvis .   r - +0 war axe
rCold    . . .     Faith    .   v - +2 kite shield
rNeg     . . .     Spirit   .   k - +0 plate armour
rPois    .         Reflect  .   (no helmet)
rElec    .         Harm     .   (no cloak)
rCorr    .         Rampage  .   (no gloves)
Will     .....                  (no boots)
Stlth    ..........             q - amulet of the acrobat
HPRegen  0.18/turn              (no ring)
MPRegen  0.10/turn              (no ring)

@: lethally poisoned (-4 -> -19), on berserk cooldown, slowed, very slow
A: no striking features
a: Renounce Religion, Berserk, Trog's Hand


You were on level 5 of the Dungeon.
You worshipped Trog.
Trog was pleased with you.
You visited 1 branch of the dungeon, and saw 5 of its levels.

You collected 204 gold pieces.

Inventory:

Hand Weapons
 r - a +0 war axe (weapon)
Missiles
 i - 17 poisoned darts (quivered)
Armour
 k - a +0 plate armour (worn)
 v - a +2 kite shield (worn)
Magical Staves
 w - a staff of air
Jewellery
 q - an amulet of the acrobat (around neck)
 u - an amulet of magic regeneration
Wands
 a - a wand of mindburst (16)
Scrolls
 c - a scroll of blinking
 m - 2 scrolls of teleportation
 n - a scroll of fear
Potions
 b - 3 potions of brilliance
 f - a potion of heal wounds
 g - 3 potions of invisibility {unknown}
 j - 2 potions of curing {unknown}
 o - a potion of cancellation {unknown}
 t - a potion of might {unknown}


   Skills:
 + Level 4.2 Fighting
 + Level 6.1 Axes
 + Level 3.2 Armour
 + Level 3.6 Dodging
 * Level 0.5 Shields


You had 6 spell levels left.
You didn't know any spells.
Your spell library was empty.

Dungeon Overview and Level Annotations

Branches:
Dungeon (5/15)
 Temple: D:4-7

Altars:
Sif Muna
Yredelemnul

Shops:
D:5 ?


Message History

The water moccasin bites you.
You barely miss the water moccasin.
The water moccasin is heavily wounded.
You feel sick. You block the water moccasin's attack.
You closely miss the water moccasin.
The water moccasin is heavily wounded.
You are no longer berserk.
You are exhausted.
You feel yourself slow down.
You feel sick. You block the water moccasin's attack.
You slash the water moccasin!
The water moccasin is almost dead.
You feel very sick. You block the water moccasin's attack.
The water moccasin barely misses you. The water moccasin bites you.
You are more poisoned.
The water moccasin poisons you! The water moccasin bites you.
You barely miss the water moccasin.
The water moccasin is almost dead.
* * * LOW HITPOINT WARNING * * *
You feel very sick.
The water moccasin bites you but does no damage.
The water moccasin bites you.
* * * LOW HITPOINT WARNING * * *
You miss the water moccasin.
The water moccasin is almost dead.
* * * LOW HITPOINT WARNING * * *
You feel very sick.
The water moccasin bites you but does no damage.
The water moccasin bites you.
* * * LOW HITPOINT WARNING * * *
The water moccasin bites you.
* * * LOW HITPOINT WARNING * * *
The water moccasin bites you.
* * * LOW HITPOINT WARNING * * *
You are more poisoned.
The water moccasin poisons you!
You closely miss the water moccasin.
The water moccasin is almost dead.
You die...

##..#...#.........####
#######.##.............
..#......#.###.........
........## ##........
..#..#..#####....#.....
##..............##....
..#...##..#.#.....####..
#.....#..##....... ###.
#..##.@......##........
...#.S.......# ........
.......................
#....................[..
#................##.....
##..>.........## ##....
###.......#..# .....
#......###.# .... ....


You could see a water moccasin.

Vanquished Creatures
  Grinder (D:3)
  A scorpion (D:5)
  A gnoll shaman (D:4)
  An iguana (D:5)
  An orc wizard (D:3)
  A hound skeleton (D:5)
  5 gnolls (D:4)
  6 adders
  A shadow imp (D:5)
  A worm (D:3)
  4 dart slugs
  6 orcs (D:3)
  5 bats
  3 endoplasms
  3 giant cockroaches
  4 goblins
  7 hobgoblins
  A jackal (D:3)
  4 kobolds
  2 quokkas
  5 ball pythons
  6 frilled lizards
  7 rats
76 creatures vanquished.

Notes
Turn   | Place    | Note
-------+----------+-------------------------------------------
     0 | D:1      | halfoni the Human Berserker began the quest for the Orb.
     0 | D:1      | Reached XP level 1. HP: 18/18 MP: 1/1
   188 | D:1      | Reached XP level 2. HP: 17/24 MP: 2/2
   674 | D:1      | Reached XP level 3. HP: 26/29 MP: 3/3
  1059 | D:2      | Reached ** piety under Trog
  1268 | D:2      | Found a faded altar of an unknown god.
  1795 | D:2      | Reached XP level 4. HP: 19/35 MP: 4/4
  2449 | D:3      | Noticed Grinder
  2459 | D:3      | Killed Grinder
  2460 | D:3      | Reached skill level 5 in Axes
  2460 | D:3      | Reached XP level 5. HP: 42/42 MP: 5/5
  2460 | D:3      | Reached XP level 6. HP: 48/48 MP: 6/6
  3507 | D:3      | Found a large runed translucent door.
  3509 | D:3      | Found a large runed translucent door.
  3755 | D:3      | Found a basalt altar of Yredelemnul.
  3761 | D:3      | Found a shimmering blue altar of Sif Muna.
  4206 | D:4      | Reached XP level 7. HP: 45/54 MP: 7/7
  5058 | D:5      | Entered Level 5 of the Dungeon
  5131 | D:5      | Reached skill level 6 in Axes
  5585 | D:5      | Found Urrokh's Magic Scroll Shop.
  5617 | D:5      | Noticed a water moccasin
  5633 | D:5      | HP: 2/54 [water moccasin (2)]
  5634 | D:5      | Succumbed to a water moccasin's poison

Illustrated notes

Levels and vault maps discovered:
D:1:      grunt_arrival_lava_bath, layout_rooms
D:2:      layout_loops_ring, ebering_ecumenical_altar_webs
D:3:      layout_loops_corners, jmf_multi_god_temple2, hex_large,
          minmay_starry_boxes, uniq_grinder
D:4:      layout_cave_pods
D:5:      layout_cave_pools, nicolae_gozag_cash_rules_everything_around_me,
          serial_shops, nicolae_diamond_shop

Skill      XL: |  1  2  3  4  5  6  7 |
---------------+----------------------+-----
Axes           | 5 6 |  6.1
Dodging        | 3 |  3.6
Fighting       | 4 |  4.2
Armour         | 3 |  3.2
Shields        | |  0.5

Action                   |  1- 3 |  4- 6 |  7- 9 || total
-------------------------+-------+-------+-------++-------
Melee: Hand axe          |    85 |   125 |       ||   210
       War axe           |       |    14 |    59 ||    73
Invok: Berserk           |     2 |     5 |     2 ||     9
  Use: Scroll            |       |       |    10 ||    10
 Stab: Sleeping          |     1 |       |       ||     1
Armor: Animal skin       |    20 |    12 |       ||    32
       Plate armour      |       |    35 |    34 ||    69
       Ring mail         |       |     4 |       ||     4
Dodge: Dodged            |    44 |    44 |    15 ||   103
Block: Kite shield       |       |       |    18 ||    18
